 Dungeon Crawl Stone Soup version 0.24-a0-254-gf493760 (webtiles) character file.

Game seed: 5134432589869455075

367 stalwartcrusatyr the Sneak (level 6, -1/32 HPs)
             Began as a Deep Elf Ice Elementalist on Apr 19, 2019.
             Slain by a centaur skeleton (3 damage)
             ... on level 4 of the Dungeon.
             The game lasted 00:21:59 (2924 turns).

stalwartcrusatyr the Sneak (DEIE)                   Turns: 2924, Time: 00:22:00

Health: -1/32      AC:  5    Str:  5    XL:     6   Next: 41%
Magic:  14/15      EV: 13    Int: 22    God:
Gold:   151        SH:  0    Dex: 15    Spells: 12/15 levels left

rFire    . . .     SeeInvis .   p - +0 dagger
rCold    . . .     Gourm    .   (no shield)
rNeg     . . .     Faith    .   a - +0 robe
rPois    .         Spirit   .   m - +0 helmet
rElec    .         Reflect  .   b - +1 cloak
rCorr    .         Harm     .   (no gloves)
MR       .....                  (no boots)
Stlth    +++.......             (no amulet)
HPRegen  0.10/turn              (no ring)
MPRegen  0.14/turn              (no ring)

@: no status effects
A: no striking features
a: no special abilities


You were on level 4 of the Dungeon.
You were not hungry.

You visited 1 branch of the dungeon, and saw 4 of its levels.

You collected 151 gold pieces.

Inventory:

Hand Weapons
 p - a +0 dagger (weapon)
Missiles
 f - 46 stones (quivered)
Armour
 a - a +0 robe (worn)
 b - a +1 cloak (worn)
 m - a +0 helmet (worn)
Scrolls
 g - a scroll of teleportation
 j - 3 scrolls of remove curse
 o - a scroll of magic mapping
Potions
 d - 2 potions of curing
 e - a potion of might
 i - 3 potions of heal wounds
 k - 2 potions of brilliance
 l - a potion of magic {unknown}
 n - a potion of agility {unknown}
Comestibles
 c - 3 rations
 h - 6 chunks of flesh


   Skills:
 - Level 2.4 Dodging
 * Level 6.6 Stealth
 + Level 5.2 Spellcasting
 - Level 1.1 Conjurations
 + Level 4.8 Ice Magic


You had 12 spell levels left.
You knew the following spells:

 Your Spells              Type           Power        Failure   Level  Hunger
a - Freeze                Ice            ####         1%          1    None
b - Throw Frost           Conj/Ice       ###...       4%          2    None

Your spell library contained the following spells:

 Spells                   Type           Power        Failure   Level  Hunger
 Ozocubu's Armour         Chrm/Ice       ###.....     11%         3    ##.....
 Throw Icicle             Conj/Ice       ###.....     28%         4    ####...
 Summon Ice Beast         Ice/Summ       ###.....     36%         4    ####...


Dungeon Overview and Level Annotations

Branches:
Dungeon (4/15)
 Temple: D:4-7

Altars:
Gozag
Okawaru
Trog
Zin


Message History

The centaur skeleton closely misses you.
You hit the centaur skeleton but do no damage.
The centaur skeleton is lightly damaged.
The centaur skeleton hits you! The centaur skeleton hits you.
A giant cockroach comes into view.
The giant cockroach moves out of view.
The centaur skeleton hits you but does no damage.
The centaur skeleton hits you. The centaur skeleton hits you!
* * * LOW HITPOINT WARNING * * *
The centaur skeleton barely misses you.
Items here: )) [[ ÷ a +0 club; a +0 ring mail; a +0 dagger; a +0 robe; an orc skeleton The centaur skeleton hits you but does no damage.
The centaur skeleton hits you.
* * * LOW HITPOINT WARNING * * *
There is a stone staircase leading up here.
The centaur skeleton hits you.
You die...

#............#
........"..#
#............#
#.....o....
#............#
##...##.#
#.........÷..#
#.......
#########..######.#.)#
#.........)..#
###########..##.#
####.....# #@Z..#####
######


You could see a centaur skeleton.

Levels and vault maps discovered:
D:1:      dpeg_arrival_boxes_within_box, layout_basic
D:2:      layout_rooms
D:3:      layout_rooms, old_standard_altar, gammafunk_temple_overflow_forgotten
D:4:      layout_basic, serial_shops, shop_fountains, uniq_eustachio, uniq_ijyb

Notes
Turn   | Place    | Note
-------+----------+-------------------------------------------
     0 | D:1      | stalwartcrusatyr the Deep Elf Ice Elementalist began the
                  | quest for the Orb.
     0 | D:1      | Reached XP level 1. HP: 10/10 MP: 6/6
   307 | D:1      | Reached skill level 3 in Stealth
   329 | D:1      | Reached XP level 2. HP: 15/15 MP: 6/8
  1003 | D:2      | Reached XP level 3. HP: 19/19 MP: 6/9
  1619 | D:3      | Found a glowing silver altar of Zin.
  1620 | D:3      | Found an iron altar of Okawaru.
  1622 | D:3      | Found an opulent altar of Gozag.
  1705 | D:3      | Noticed a bullfrog
  1730 | D:3      | Reached skill level 4 in Stealth
  1820 | D:3      | Reached XP level 4. HP: 24/24 MP: 8/11
  1880 | D:3      | Learned a level 2 spell: Throw Frost
  2089 | D:3      | Reached skill level 5 in Stealth
  2290 | D:3      | Reached XP level 5. HP: 28/28 MP: 9/13
  2310 | D:3      | Found a bloodstained altar of Trog.
  2699 | D:4      | Reached skill level 6 in Stealth
  2737 | D:4      | Reached XP level 6. HP: 32/32 MP: 15/15
  2757 | D:4      | Reached skill level 5 in Spellcasting
  2924 | D:4      | Slain by a centaur skeleton

Table legend:
 A = Turns spent in this place as a percentage of turns spent in the entire game.
 B = Non-inter-level travel turns spent in this place as a percentage of non-inter-level travel turns spent in the entire game.
 C = Inter-level travel turns spent in this place as a percentage of turns spent in this place.
 D = Turns resting spent in this place as a percentage of non-inter-level travel turns spent in this place.
 E = Turns spent auto-exploring this place as a percentage of non-inter-level travel turns spent in this place.
 F = Non-inter-level travel turns spent in this place divided by the number of levels of this place that you've seen.
                   A       B       C       D       E      F
               +-------+-------+-------+-------+-------+----------------------
         Total | 100.0 | 100.0 |   5.7 |  37.6 |   0.0 | 689.2
       Dungeon | 100.0 | 100.0 |   5.7 |  37.6 |   0.0 | 689.2
               +-------+-------+-------+-------+-------+----------------------

Table legend:
 A = Kills in this place as a percentage of kills in entire the game.
 B = Kills by you in this place as a percentage of kills by you in the entire game.
 C = Kills by friends in this place as a percentage of kills by friends in the entire game.
 D = Other kills in this place as a percentage of other kills in the entire game.
 E = Experience gained in this place as a percentage of experience gained in the entire game.
 F = Experience gained in this place divided by the number of levels of this place that you have seen.
                   A       B       C       D       E      F
               +-------+-------+-------+-------+-------+----------------------
         Total | 100.0 | 100.0 |   N/A |   N/A | 100.0 | 131.2
       Dungeon | 100.0 | 100.0 |   N/A |   N/A | 100.0 | 131.2
               +-------+-------+-------+-------+-------+----------------------

Action                   |  1- 3 |  4- 6 || total
-------------------------+-------+-------++-------
Melee: Unarmed           |     1 |       ||     1
       Dagger            |       |     6 ||     6
Throw: Stone             |     1 |     2 ||     3
 Cast: Freeze            |    52 |    57 ||   109
       Throw Frost       |       |    14 ||    14
  Use: Scroll            |     8 |     1 ||     9
 Stab: Sleeping          |       |     1 ||     1
  Eat: Chunk             |     3 |     3 ||     6
Armor: Robe              |     9 |     9 ||    18
Dodge: Dodged            |    22 |    30 ||    52

Vanquished Creatures
  A bullfrog (D:3)
  2 hounds (D:4)
  2 orc priests
  A worker ant (D:4)
  2 orc wizards
  2 adders
  An ooze (D:3)
  2 worms
  A dart slug (D:1)
  2 leopard geckos (D:1)
  13 orcs
  A ball python (D:1)
  7 bats
  A giant cockroach (D:3)
  2 goblins
  5 hobgoblins
  2 jackals (D:1)
  4 kobolds
  A quokka (D:3)
  9 frilled lizards
  9 rats
70 creatures vanquished.
